 Dungeon Crawl Stone Soup version 0.27.1-33-g824d729ab1 (webtiles) character file.

Game seed: 14167294414796968118

849 SensoryNuts the Slasher (level 7, -4/91 HPs)
             Began as a Black Draconian Monk on Dec 9, 2021.
             Was a Priest of Makhleb.
             Slain by a soul eater (13 damage)
             ... summoned by a kobold demonologist
             ... on level 5 of the Dungeon.
             The game lasted 00:09:38 (4502 turns).

SensoryNuts the Slasher (Black Draconian Monk)      Turns: 4502, Time: 00:09:38

Health: -4/91      AC: 23    Str: 12 (14) XL:     7   Next: 69%
Magic:  8/8        EV:  2    Int: 14 (17) God:    Makhleb [***...]
Gold:   222        SH:  0    Dex: 13 (16) Spells: 6/6 levels left

rFire    . . .     SeeInvis .   w - +2 flail (holy)
rCold    . . .     Faith    .   (no shield)
rNeg     + + +     Spirit   .   (armour unavailable)
rPois    +         Reflect  .   (helmet currently unavailable)
rElec    .         Harm     .   (cloak currently unavailable)
rCorr    .         Rampage  .   (gloves currently unavailable)
Will     .....     NoTele   +   (boots currently unavailable)
Stlth    +++.......             l - amulet of regeneration
HPRegen  1.25/turn              j - +6 ring of intelligence
MPRegen  0.11/turn              (no ring)

@: tree-form, attractive, very slightly contaminated, hasted, invisible, very
quick
A: stationary, stasis, torment immunity, boosted hp, (breathe lightning), AC +6,
unfitting armour, (electricity resistance), (cold-blooded), (talons 1), thin
skeletal structure 1
a: Renounce Religion, Minor Destruction, Lesser Servant of Makhleb


You were on level 5 of the Dungeon.
You worshipped Makhleb.
Makhleb was most pleased with you.
You were a tree.
You visited 1 branch of the dungeon, and saw 5 of its levels.

You collected 222 gold pieces.

Inventory:

Hand Weapons
 a - a +0 falchion
 v - a +0 giant club
 w - a +2 flail of holy wrath (weapon)
Armour
 e - a +2 cloak (melded)
Magical Staves
 m - a staff of death
Jewellery
 j - a +6 ring of intelligence (left branch)
 k - an amulet of guardian spirit
 l - an amulet of regeneration (around neck)
 A - a ring of resist corrosion
Wands
 s - a wand of polymorph (11)
 z - a wand of paralysis (9)
 B - a wand of flame (7)
Scrolls
 b - 3 scrolls of teleportation
 h - 2 scrolls of vulnerability {unknown}
 i - 3 scrolls of enchant armour {unknown}
 n - 4 scrolls of identify {unknown}
 p - a scroll of amnesia {unknown}
 y - a scroll of fear {unknown}
Potions
 c - 2 potions of mutation
 o - a potion of attraction


   Skills:
 + Level 5.0 Fighting
 + Level 5.8 Long Blades
 + Level 1.8 Maces & Flails
 + Level 4.8 Dodging
 + Level 3.5 Stealth
 + Level 1.6 Invocations


You had 6 spell levels left.
You didn't know any spells.
Your spell library contained the following spells:

 Spells                   Type           Power      Damage    Failure   Level
 Ensorcelled Hibernation  Hex/Ice        0%         N/A       41%         2
 Spider Form              Tmut/Pois      0%         N/A       65%         3
 Shadow Creatures         Summ           N/A        N/A       100%        6


Dungeon Overview and Level Annotations

Branches:
Dungeon (5/15)
 Temple: D:4-7

Altars:
Gozag
Makhleb
Okawaru
Uskayaw
Xom

Annotations:
D:5 1 transporter


Innate Abilities, Weirdness & Mutations

You are a tree.
Your roots penetrate the ground, keeping you stationary.
You cannot be teleported.
You are immune to unholy pain and torment.
Your maximum health is greatly increased.
Your equipment is partially melded.
((You can breathe wild blasts of lightning.))
((Your glossy black scales are hard. (AC +6)))
You cannot fit into any form of body armour.
((You are resistant to electric shocks. (rElec)))
((You are cold-blooded and may be slowed by cold attacks.))
((You have sharp toenails.))
You have a somewhat thin skeletal structure. (Dex +2, Stealth+)


Message History

The kobold demonologist casts a spell.
The soul eater is pulled toward you!
The iron imp disappears in a puff of smoke!
The shadow imp hits you but does no damage.
The crimson imp hits you.
The kobold demonologist hits you but does no damage.
The hellwing hits you but does no damage.
The hellwing barely misses you.
The shadow imp grinds its teeth.
The shadow imp hits you but does no damage.
The crimson imp hits you but does no damage.
The kobold demonologist hits you with a +0 dagger.
The shadow imp hits you but does no damage.
The crimson imp hits you but does no damage.
The kobold demonologist hits you with a +0 dagger.
The soul eater hits you!
* * * LOW HITPOINT WARNING * * *
The shadow imp hits you but does no damage.
The kobold demonologist hits you with a +0 dagger.
* * * LOW HITPOINT WARNING * * *
The soul eater hits you!
* * * LOW HITPOINT WARNING * * *
The shadow imp hits you but does no damage.
The kobold demonologist hits you but does no damage.
As you read the scroll labelled EXTAWKA KUUJAOLI, it crumbles to dust.
You feel a strange sense of stasis.
It was a scroll of teleportation.
The hellwing hits you but does no damage.
The hellwing hits you.
* * * LOW HITPOINT WARNING * * *
The soul eater barely misses you. The shadow imp barely misses you.
The kobold demonologist mumbles some strange words.
The shadow imp is pulled toward you!
As you read the scroll labelled CIERUUMEYW, it crumbles to dust.
The creatures around you are filled with an inner flame!
It was a scroll of immolation.
The hellwing hits you but does no damage. x2
You barely miss the soul eater.
The crimson imp disappears in a puff of smoke!
The soul eater hits you!
You die...

#.#.# #.....# #.# #.#.... ##.#.#
####### #.####....##
...#.#################.........##
####.#.................####......
#...#.###############.# #..>...
#.###.#8≈#(..)...#P8#.# #.###..
##.###.#P.#≈≈≈≈≈≈≈#.P#.## #.# #..
.......#$.#..≈≈≈.)#..#..###.###..
####..©#©$+..≈⌠≈♣55.©#©..##.#.'..
##..#$.#..≈≈43K#..#...##.#.#..
##.#P.#≈≈≈≈≈§≈#.≈#.#.(.......
######.#8≈#......)#P8#.##.#+#....
#......###############.##........
#........(.........)...##........
#.....############....###........
#.....'....#######.##............
#.....####.........#######.....##


You could see a soul eater (summoned, inner flame), a hellwing (summoned, inner
flame), a kobold demonologist (inner flame) and 2 shadow imps.

Vanquished Creatures
  An ogre (D:5)
  2 phantoms (D:4)
  A hound (D:5)
  A jelly (D:4)
  An orc priest (D:3)
  A gnoll shaman (D:5)
  A hound skeleton (D:4)
  A hound zombie (D:5)
  2 gnolls
  3 adders
  A shadow imp (D:5)
  An adder zombie (D:3)
  3 dart slugs
  3 orcs (D:3)
  8 bats
  2 endoplasms
  12 giant cockroaches
  5 goblins
  8 hobgoblins
  9 jackals
  A quokka (D:3)
  6 ball pythons
  A frilled lizard (D:3)
  7 kobolds
  2 rats
83 creatures vanquished.

Vanquished Creatures (collateral kills)
  A troll (D:5)
  A phantom (D:5)
  A water moccasin zombie (D:5)
  A centaur skeleton (D:5)
  2 orc priests (D:5)
  7 gnolls (D:5)
  A shadow imp (D:5)
14 creatures vanquished.

Vanquished Creatures (others)
  A plant (D:5)
1 creature vanquished.

Grand Total: 98 creatures vanquished

Notes
Turn   | Place    | Note
-------+----------+-------------------------------------------
     0 | D:1      | SensoryNuts the Draconian Monk began the quest for the Orb.
     0 | D:1      | Reached XP level 1. HP: 19/19 MP: 1/1
   223 | D:1      | Reached XP level 2. HP: 23/27 MP: 2/2
   471 | D:1      | Found a faded altar of an unknown god.
   996 | D:1      | Became a worshipper of Makhleb the Destroyer
   996 | D:1      | Reached * piety under Makhleb
   996 | D:1      | Reached ** piety under Makhleb
  1069 | D:2      | Reached XP level 3. HP: 31/33 MP: 3/3
  1096 | D:2      | Found a shimmering altar of Xom.
  1369 | D:2      | Reached *** piety under Makhleb
  1969 | D:3      | Reached XP level 4. HP: 40/40 MP: 4/4
  2338 | D:3      | Found a hide-covered altar of Uskayaw.
  2672 | D:3      | Found an iron altar of Okawaru.
  2693 | D:3      | Reached XP level 5. HP: 35/46 MP: 5/5
  3006 | D:4      | Noticed a phantom
  3031 | D:4      | Killed a phantom
  3056 | D:4      | Found an opulent altar of Gozag.
  3095 | D:4      | Reached **** piety under Makhleb
  3231 | D:4      | Reached XP level 6. HP: 37/53 MP: 6/6
  3495 | D:5      | Entered Level 5 of the Dungeon
  3532 | D:5      | Reached skill level 5 in Long Blades
  3618 | D:5      | Your scales start taking on a glossy black colour.
  3618 | D:5      | Reached XP level 7. HP: 48/60 MP: 7/7
  3618 | D:5      | Gained mutation: You are resistant to electric shocks.
                  | (rElec) [Black Draconian growth]
  3810 | D:5      | Reached skill level 1 in Invocations
  3947 | D:5      | Found a transporter.
  3965 | D:5      | Found a transporter.
  3973 | D:5      | Noticed a kobold demonologist
  4201 | D:5      | Noticed a troll
  4210 | D:5      | Killed a troll
  4211 | D:5      | Reached skill level 5 in Fighting
  4211 | D:5      | Reached skill level 1 in Maces & Flails
  4457 | D:5      | Noticed an orange demon
  4462 | D:5      | Gained mutation: You have sharp toenails. [potion of
                  | mutation]
  4462 | D:5      | Gained mutation: You have a somewhat thin skeletal
                  | structure. (Dex +2, Stealth+) [potion of mutation]
  4479 | D:5      | Noticed a hellwing
  4492 | D:5      | Noticed a soul eater
  4502 | D:5      | Slain by a soul eater

Illustrated notes

Levels and vault maps discovered:
D:1:      minmay_arrival_diagonal_passages, layout_basic,
          dilly_ecumenical_altar_fadedgnrine
D:2:      minmay_roachtagon, layout_loops_corners, basic_altar
D:3:      layout_loops_corners, overflow_temple_1_default,
          mainiacjoe_overflow_alcove_2, minmay_pentomino_pile
D:4:      layout_rooms, grunt_gozag_statues, feat_on_display
D:5:      gammafunk_wand_slinger, layout_basic, lemuel_flamethrower_2

Skill      XL: |  1  2  3  4  5  6  7 |
---------------+----------------------+-----
Dodging        | 3 4 |  4.8
Fighting       | 4 5 |  5.0
Stealth        | 2 3 |  3.5
Long Blades    | 4 5 |  5.8
Invocations    | 1 |  1.6
Maces & Flails | 1 |  1.8

Action                   |  1- 3 |  4- 6 |  7- 9 || total
-------------------------+-------+-------+-------++-------
Melee: Falchion          |    98 |   163 |       ||   261
       Tailslap          |    11 |    27 |     6 ||    44
       Flail             |       |     1 |    49 ||    50
Throw: Throwing net      |       |       |     1 ||     1
Invok: Lesser Servant of |       |     3 |     7 ||    10
 Abil: Breathe Lightning |       |       |     1 ||     1
  Use: Potion            |       |       |     9 ||     9
       Scroll            |       |       |     2 ||     2
 Stab: Sleeping          |     5 |     6 |       ||    11
       Distracted        |       |     2 |       ||     2
Armor: Skin              |    37 |    57 |    64 ||   158
Dodge: Dodged            |    95 |   118 |    68 ||   281
       Rpst.: Falchion   |    30 |    35 |       ||    65
